 Dungeon Crawl Stone Soup version 0.22-a0-877-g5c4e1af (webtiles) character file.

886281 iamserjio the Conqueror (level 27, -10/291 HPs)
             Began as a Barachi Ice Elementalist on July 28, 2018.
             Was the Champion of Cheibriados.
             Killed by divine providence
             ... invoked by a daeva
              (11 damage)
             ... in Pandemonium on July 29, 2018.
             The game lasted 07:14:59 (30764 turns).

iamserjio the Conqueror (Barachi Ice Elementalist) Turns: 30764, Time: 07:15:01

Health: -10/291    AC: 37    Str: 25    XL:     27
Magic:  36/56      EV: 34    Int: 41    God:    Cheibriados [******]
Gold:   1629       SH: 19    Dex: 33    Spells: 12/66 levels left

rFire    + . .     SeeInvis +     - Unarmed
rCold    + + .     Gourm    .   l - +2 shield of Resistance {rF+ rC+ MR+}
rNeg     + + .     Faith    .   (armour currently unavailable)
rPois    ∞         Spirit   .   P - +2 helmet {SInv}
rElec    +         Reflect  .   a - +2 cloak of the Thief {+Fog Slay-2 SInv Stlth+}
rCorr    .         Harm     .   (gloves currently unavailable)
MR       +++..                  (boots currently unavailable)
Stlth    +++++++++.             y - amulet "Vaguut" {Regen+ Dex+5}
HPRegen  0.98/turn              Z - ring of Yredelemnul's Envy {rElec rC+ rN+ Slay+3 SInv}
MPRegen  0.35/turn              n - ring of magical power

@: statue-form, can't hop, studying Shields, deflect missiles, very slow
A: +LOS, swims, talons 1, deterioration 1, frail 1, weak 1, subdued magic 1,
strong legs 2
}: 9/15 runes: serpentine, barnacled, slimy, silver, iron, obsidian, icy, bone,
demonic
a: Hop, End Transformation, Bend Time, Temporal Distortion, Slouch, Step From
Time, Renounce Religion, Evoke Fog


You were in Pandemonium.
You worshipped Cheibriados.
Cheibriados was exalted by your worship.
You were hungry.
You were a stone statue.
You visited 14 branches of the dungeon, and saw 77 of its levels.
You visited Pandemonium 1 time, and saw 3 of its levels.
You visited 1 bazaar.
You visited 1 ziggurat, and saw 10 of its levels.
You also visited: Labyrinth, Sewer and Desolation.

You collected 8307 gold pieces.
You spent 6678 gold pieces at shops.

Inventory:

Hand Weapons
 w - a +2 falchion of distortion
Missiles
 h - 6 throwing nets (quivered) {!f}
 u - 285 arrows
Armour
 a - the +2 cloak of the Thief (worn) {+Fog Slay-2 SInv Stlth+}
   (You bought it in a shop in a bazaar)

   It affects your accuracy and damage with ranged weapons and melee attacks
   (-2).
   It lets you see invisible.
   It makes you more stealthy.
 f - the +0 pair of gloves "Vuyxki" {+Blink MP-9 Int+3, unknown}
   (You found it in Pandemonium)

   It affects your intelligence (+3).
   It affects your magic capacity (-9).
   It lets you blink.
 k - a +2 hat
 l - the +2 shield of Resistance (worn) {rF+ rC+ MR+}
   (You bought it in a shop on level 6 of the Dungeon)

   It protects you from fire.
   It protects you from cold.
   It affects your resistance to hostile enchantments.
 o - the +2 cloak "Naol Gusch" {rF+ rC+ SInv Stlth-}
   (You bought it in a shop on level 2 of the Vaults)

   It protects you from fire.
   It protects you from cold.
   It lets you see invisible.
   It makes you less stealthy.
 z - a +4 troll leather armour (melded)
 I - the +2 pair of gloves of Repulsion (melded) {rN+ rCorr Int+4}
   (You found it on level 5 of a ziggurat)

   It affects your intelligence (+4).
   It protects you from negative energy.
   It provides partial protection from all sources of acid and corrosion.
 P - a +2 helmet of see invisible (worn)
 R - a +2 pair of boots of stealth (melded)
Jewellery
 n - a ring of magical power (right hand)
 r - an uncursed amulet of harm
 v - the ring "Pafouj" {Wiz rF+ SInv}
   (You found it on level 3 of the Elven Halls)

   [ring of wizardry]

   It improves your spell success rate.
   It protects you from fire.
   It lets you see invisible.
 y - the amulet "Vaguut" (around neck) {Regen+ Dex+5}
   (You found it on level 7 of Cocytus)

   [amulet of regeneration]

   It affects your dexterity (+5).
   It increases your rate of regeneration.
 A - an uncursed amulet of the acrobat {unknown}
 C - the ring of Prescription {rCorr +Blink rF- rC+ rN+}
   (You took it off a deep elf blademaster on level 3 of the Elven Halls)

   [ring of resist corrosion]

   It makes you vulnerable to fire.
   It protects you from cold.
   It protects you from negative energy.
   It lets you blink.
 G - the ring "Pevuan Qaagh" {-Tele rN+ MR++ Int+2}
   (You found it on level 7 of Tartarus)

   [ring of positive energy]

   It affects your intelligence (+2).
   It protects you from negative energy.
   It affects your resistance to hostile enchantments.
   It prevents most forms of teleportation.
 O - the amulet of Daffodils {+Rage Int+3 Slay+3}
   (You found it on level 5 of the Pits of Slime)

   [amulet of rage]

   It affects your intelligence (+3).
   It affects your accuracy and damage with ranged weapons and melee attacks
   (+3).
   It lets you go berserk.
 Z - the ring of Yredelemnul's Envy (left hand) {rElec rC+ rN+ Slay+3 SInv}
   (You found it in the Desolation of Salt)

   [ring of see invisible]

   It affects your accuracy and damage with ranged weapons and melee attacks
   (+3).
   It protects you from cold.
   It insulates you from electricity.
   It protects you from negative energy.
   It lets you see invisible.
Wands
 p - a wand of acid (15)
 x - a wand of iceblast (3)
 T - a wand of digging (39)
Scrolls
 e - 10 scrolls of teleportation
 g - 3 scrolls of summoning
 i - 6 scrolls of immolation
 q - a scroll of holy word
 s - 6 scrolls of blinking
 E - 5 scrolls of magic mapping
 F - 7 scrolls of fear
 K - 28 scrolls of remove curse {@r2}
 W - a scroll of fog
Potions
 b - 16 potions of curing {@q1}
 d - 4 potions of agility
 m - 3 potions of cancellation
 B - 2 potions of brilliance
 D - 11 potions of flight
 L - 6 potions of magic
 M - 4 potions of resistance
 N - 4 potions of mutation
 U - 2 potions of might
 V - 3 potions of heal wounds
Books
 J - a manual of Shields
Miscellaneous
 j - a fan of gales
 t - a lamp of fire
 H - 11 boxes of beasts
 Q - a lightning rod (4/4)
 S - 7 phantom mirrors
 X - the horn of Geryon
 Y - a phial of floods
Comestibles
 c - 54 rations


   Skills:
 O Level 27 Fighting
 - Level 4.0 Throwing
 - Level 6.0 Armour
 - Level 18.0 Dodging
 + Level 16.8 Stealth
 - Level 16.0 Shields
 + Level 24.7 Unarmed Combat
 - Level 20.0 Spellcasting
 - Level 2.0 Conjurations
 - Level 4.1 Charms
 - Level 6.0 Summonings
 - Level 10.0 Necromancy
 - Level 3.1 Translocations
 - Level 8.0 Transmutations
   Level 6.0 Ice Magic
 - Level 5.0 Air Magic
 + Level 17.0 Earth Magic
 - Level 11.0 Invocations
 - Level 12.0 Evocations


You had 12 spell levels left.
You knew the following spells:

 Your Spells              Type           Power        Failure   Level  Hunger
a - Irradiate             Conj/Tmut      ######....   1%          5    None
b - Summon Mana Viper     Hex/Summ       ######..     3%          5    None
d - Statue Form           Tmut/Erth      #######..    1%          6    None
e - Sticks to Snakes      Tmut           ######..     0%          2    None
f - Borgnjor's Vile Clut  Necr/Erth      #######...   1%          5    None
g - Regeneration          Chrm/Necr      ######....   1%          3    None
h - Passwall              Tmut/Erth      #######.     0%          2    None
i - Apportation           Tloc           ######       1%          1    None
j - Animate Dead          Necr           N/A          1%          4    None
k - Passage of Golubria   Tloc           N/A          1%          4    None
l - Summon Butterflies    Summ           ######..     1%          1    None
m - Aura of Abjuration    Summ           ######....   1%          5    None
n - Blink                 Tloc           N/A          1%          2    None
o - Lesser Beckoning      Tloc           ######....   1%          3    None
p - Deflect Missiles      Chrm/Air       ######....   12%         6    None

Your spell library contained the following spells:

 Spells                   Type           Power        Failure   Level  Hunger
 Cause Fear               Hex            ####......   4%          4    None
 Magic Dart               Conj           ####         1%          1    None
 Fireball                 Conj/Fire      #####.....   9%          5    None
 Conjure Flame            Conj/Fire      #####...     1%          3    None
 Bolt of Fire             Conj/Fire      #####.....   47%         6    None
 Bolt of Cold             Conj/Ice       ######....   14%         6    None
 Bolt of Magma            Conj/Fire/Erth ######....   1%          5    None
 Slow                     Hex            ####....     1%          2    None
 Invisibility             Hex            ####....     61%         6    None
 Throw Flame              Conj/Fire      #####.       1%          2    None
 Throw Frost              Conj/Ice       ######       1%          2    None
 Freezing Cloud           Conj/Ice/Air   ######....   13%         6    None
 Mephitic Cloud           Conj/Pois/Air  #####...     1%          3    None
 Ring of Flames           Chrm/Fire      #####.....   89%         7    None
 Venom Bolt               Conj/Pois      #####.....   9%          5    None
 Olgreb's Toxic Radiance  Pois           ####....     4%          4    None
 Teleport Other           Tloc           ######..     1%          3    None
 Summon Small Mammal      Summ           ####         1%          1    None
 Lehudib's Crystal Spear  Conj/Erth      #######...   56%         8    ##.....
 Fire Storm               Conj/Fire      #####.....   100%        9    ####...
 Iskenderun's Mystic Bla  Conj           #####...     1%          4    None
 Pain                     Necr           ####         0%          1    None
 Animate Skeleton         Necr           N/A          0%          1    None
 Vampiric Draining        Necr           #######...   0%          3    None
 Freeze                   Ice            ####         1%          1    None
 Ozocubu's Refrigeration  Ice            ######....   6%          6    None
 Sticky Flame             Conj/Fire      #####...     2%          4    None
 Summon Ice Beast         Ice/Summ       ######..     1%          4    None
 Ozocubu's Armour         Chrm/Ice       ######..     1%          3    None
 Poison Arrow             Conj/Pois      #####.....   47%         6    None
 Sting                    Conj/Pois      ####         1%          1    None
 Tukima's Dance           Hex            ####....     1%          3    None
 Summon Demon             Summ           ######....   1%          5    None
 Iron Shot                Conj/Erth      #######...   1%          6    None
 Shock                    Conj/Air       ####         1%          1    None
 Swiftness                Chrm/Air       ######..     1%          2    None
 Recall                   Summ/Tloc      N/A          1%          3    None
 Spider Form              Tmut/Pois      ######....   1%          3    None
 Blade Hands              Tmut           ######....   1%          5    None
 Ice Form                 Ice/Tmut       ######..     1%          4    None
 Dragon Form              Tmut           ######....   16%         7    None
 Throw Icicle             Conj/Ice       ######..     1%          4    None
 Glaciate                 Conj/Ice       ######....   100%        9    ####...
 Shadow Creatures         Summ           N/A          6%          6    None
 Confusing Touch          Hex            ####..       1%          1    None
 Flame Tongue             Conj/Fire      #####        1%          1    None
 Ignite Poison            Fire/Tmut/Pois #####...     1%          3    None
 Call Canine Familiar     Summ           ######..     1%          3    None
 Metabolic Englaciation   Hex/Ice        ######....   3%          5    None
 Silence                  Hex/Air        #####.....   4%          5    None
 Shatter                  Erth           #######...   43%         9    ####...
 Corona                   Hex            ####...      1%          1    None
 Alistair's Intoxication  Tmut/Pois      ######..     2%          5    None
 Lee's Rapid Deconstruct  Erth           #######...   0%          5    None
 Simulacrum               Ice/Necr       ######....   2%          6    None
 Conjure Ball Lightning   Conj/Air       ######....   19%         6    None
 Chain Lightning          Conj/Air       ######....   100%        8    ##.....
 Portal Projectile        Hex/Tloc       #####.       1%          3    None
 Petrify                  Tmut/Erth      #######.     0%          4    None
 Tornado                  Air            ######....   100%        9    ####...
 Leda's Liquefaction      Hex/Erth       ######....   1%          4    None
 Summon Hydra             Summ           ######....   34%         7    None
 Darkness                 Hex            ####......   61%         6    None
 Shroud of Golubria       Chrm/Tloc      ######....   1%          2    None
 Inner Flame              Hex/Fire       ####....     1%          3    None
 Beastly Appendage        Tmut           ######       0%          1    None
 Fulminant Prism          Conj/Hex       #####.....   2%          4    None
 Dazzling Spray           Conj/Hex       #####.       1%          3    None
 Force Lance              Conj/Tloc      #####...     1%          4    None
 Searing Ray              Conj           #####.       1%          2    None
 Discord                  Hex            ####......   100%        8    ##.....
 Summon Forest            Summ/Tloc      ######....   1%          5    None
 Summon Lightning Spire   Summ/Air       ######..     1%          4    None
 Summon Guardian Golem    Hex/Summ       ######..     1%          3    None
 Dragon's Call            Summ           ######....   100%        9    ####...
 Hydra Form               Tmut           ######....   2%          6    None
 Yara's Violent Unravell  Hex/Tmut       ######....   2%          5    None
 Poisonous Vapours        Pois/Air       #####.       1%          2    None
 Ignition                 Fire           ####......   100%        8    ##.....


Dungeon Overview and Level Annotations

Branches:
Dungeon (15/15)            Temple (0/1) D:5            Lair (6/6) D:11
 Shoals (4/4) Lair:3        Snake (4/4) Lair:2        Slime (5/5) Lair:5
    Orc (2/2) D:10            Elf (3/3) Orc:2        Vaults (5/5) D:13
  Crypt (0/3) Vaults:3     Depths (4/5) D:15           Hell (1/1)
    Dis (7/7) Hell            Geh (7/7) Hell            Coc (7/7) Hell
    Tar (7/7) Hell

Altars:
Cheibriados
Dithmenos
Fedhas
Gozag
Kikubaaqudgha
Makhleb
Nemelex Xobeh
Trog
Vehumet
Wu Jian
Xom
Yredelemnul
Beogh
Jiyva

Shops:
D:5 }[(   D:6 *[?*   D:7 =   D:11 *   D:12 *   D:15 [   Orc:2 *:}:   Elf:1 [
Shoals:1 (   Shoals:3 ?   Vaults:2 }[   Vaults:3 :   Vaults:4 (

Portals:
Hell: Depths:1 Depths:3
Pandemonium: Depths:3

Annotations:
D:8 3 runed doors, Amnesiac's ghost, novice DsEE; Supahsalami's ghost, novice GrFi; lurker's ghost, novice GnFi; poirepourri's ghost, novice DECj
D:12 1 exclusion
Elf:2 3 runed doors


Innate Abilities, Weirdness & Mutations

Shadows flee at your approach. (+LOS)
You can swim through water.
((You cover ground slowly.))
You can hop long distances.
You have sharp toenails.
((You are mostly covered in icy blue scales. (AC +3)))
Your body sometimes deteriorates upon taking damage.
You are frail. (-10% HP)
You are weak. (Str -2)
Your spells are a little easier to cast, but a little less powerful.


Message History

an eudemon blade of holy wrath; a large shield; a long sword of holy wrath a large shield; an apis corpse You feel much better.
Your skin stops crawling.
The daeva hits you but does no damage. You block the daeva's attack.
The daeva calls down the wrath of Zin upon you.
Zin smites you!
* * * LOW HITPOINT WARNING * * *
Hop to where?
Press: ? - help, Dir - move target cursor Boing!
The daeva calls down the wrath of Zin upon you.
Zin smites you!
* * * LOW HITPOINT WARNING * * *
The daeva calls down the wrath of Zin upon you.
Zin smites you!
* * * LOW HITPOINT WARNING * * *
The daeva calls down the wrath of Zin upon you.
Zin smites you!
You die...

### #.. ## ###### ..
....#....## .
#.....#..## #...8.?#
#############......#
.#)#.#.#.#AA§).....#
....)....'.###..._.!#
.#.#.#.#.#.........##
#############......#
.... #...../# ..##
...#..## ...#
.#....##


You could see 2 daevas.

Vanquished Creatures
  Asmodeus (Geh:7)
  Antaeus (Coc:7)
  Ereshkigal (Tar:7)
  the Royal Jelly (Slime:5)
  the Serpent of Hell (Geh:7)
  A seraph (Pan)
  Dispater (Dis:7)
  Mara (Depths:2)
  A juggernaut (Depths:2)
  2 ancient liches
  A greater mummy (Dis:6)
  8 shard shrikes
  Vashnia (Snake:2)
  Saint Roka (Snake:3)
  A Killer Klown (Zig:7)
  Geryon (Hell)
  4 golden dragons (Vaults:5)
  7 bone dragons
  5 Tzitzimimeh
  6 iron giants
  6 doom hounds
  Jorgrun (Vaults:4)
  4 liches
  A hellephant (Depths:1)
  10 Brimstone Fiends
  13 Hell Sentinels
  20 Ice Fiends
  2 tentacled monstrosities
  3 titans
  A quicksilver dragon (Vaults:4)
  7 deep elf master archers
  23 acid blobs
  The ghost of KristoblXynda the Warrior, an adept OgBe of Trog (Elf:1)
  An eldritch tentacle (Coc:4)
  5 deep elf blademasters (Elf:3)
  7 sphinxes
  Polyphemus (Shoals:3)
  A kraken (Shoals:3)
  2 Executioners (Pan)
  11 shadow dragons
  10 ancient champions
  2 tengu reavers
  Donald (Vaults:1)
  Roxanne (Snake:2)
  7 nagarajas
  9 azure jellies
  11 frost giants
  6 fire giants
  2 draconian knights (Zig:9)
  9 iron dragons (Dis:7)
  8 vault wardens
  9 daevas
  Louise (Shoals:2)
  6 deep elf sorcerers
  Aizul (Snake:3)
  6 deep elf elementalists
  3 imperial myrmidons (Desolation)
  An orc warlord (Vaults:2)
  A ghost moth (shapeshifter) (D:15)
  9 balrugs
  3 cacodemons
  A curse skull (Zig:10)
  19 ironheart preservers
  A ghoul (Vaults:4)
  An elemental wellspring (Coc:7)
  14 very ugly things
  44 reapers
  9 ophanim (Pan)
  8 stone giants
  10 angels (Pan)
  17 war gargoyles
  An entropy weaver (Vaults:3)
  2 vampire knights
  5 apis (Pan)
  6 lorocyprocas
  4 deep elf demonologists
  6 deep elf annihilators
  3 spark wasps
  The ghost of Zavuygh the Eclecticist, a journeyman SpEE of Ashenzari (D:13)
  2 halazid warlocks (Desolation)
  A minotaur (Lab)
  10 blizzard demons
  2 eidola (Zig:10)
  3 crystal guardians
  6 merfolk javelineers (Shoals:4)
  4 quicksilver dragon zombies
  8 death oozes (Slime:5)
  4 green deaths
  10 ettins
  4 fire dragons
  10 deep elf death magi
  12 yaktaur captains
  Josephine (D:12)
  2 mummy priests (Dis:6)
  8 merfolk impalers
  5 deep elf high priests
  10 ragged hierophants (Desolation)
  6 rakshasas
  2 kraken zombies (Coc:4)
  31 vault guards
  10 great orbs of eyes
  The ghost of Supahsalami the Basher, a journeyman GrVM of Okawaru (D:11)
  23 ice dragons
  8 peacekeepers (Desolation)
  4 catoblepae
  A hydra (shapeshifter) (Vaults:5)
  18 naga warriors
  4 spriggan air magi
  2 hell beasts
  3 quicksilver dragon skeletons
  6 servants of whispers
  8 centaur warriors
  4 hydras
  15 anacondas
  4 merfolk aquamancers
  The ghost of lurker the Arsonist, a novice DrFE of Vehumet (D:12)
  An alligator snapping turtle (Shoals:3)
  3 death knights
  A merfolk avatar (Shoals:4)
  2 alligators (Lair:5)
  A two-headed ogre (shapeshifter) (Vaults:2)
  17 death yaks
  15 two-headed ogres
  4 satyrs
  4 ogre magi
  8 titan zombies
  12 naga sharpshooters
  6 orc high priests
  4 deep troll shamans
  33 hell hogs
  3 tengu warriors
  16 dancing weapons
  10 deep troll earth magi
  2 vampire magi
  20 iron golems
  16 sun demons
  9 shock serpents
  A shock serpent (shapeshifter) (Depths:2)
  7 soul eaters
  18 deep elf knights
  13 iron trolls
  A titan skeleton (Coc:7)
  6 storm dragon zombies
  9 cherubim (Pan)
  107 skeletal warriors
  4 shadow wraiths (Tar:7)
  3 storm dragon skeletons
  38 hell knights
  6 golden dragon zombies
  A salamander mystic (Snake:4)
  2 ghost moth zombies
  9 flayed ghosts
  12 anaconda zombies
  11 sea snakes
  28 deep trolls
  6 naga ritualists
  13 deep elf archers
  2 deep trolls (shapeshifter)
  4 unseen horrors (Vaults:1)
  3 glowing orange brains
  8 shadow demons
  9 phantasmal warriors
  3 wolf spider zombies
  3 swamp dragons (Lair:5)
  4 wizards
  59 deep elf magi
  24 ironbrand convokers
  5 mana vipers
  An anaconda skeleton (Tar:2)
  A lindwurm (Lair:6)
  A wolf spider (shapeshifter) (Vaults:4)
  19 orc knights
  9 harpies
  3 oklob plants (Zig:6)
  A shining eye (shapeshifter) (Depths:2)
  5 golden dragon skeletons
  Pikel (D:8)
  7 necromancers
  4 frost giant zombies
  2 shadow dragon zombies
  35 ugly things
  A wolf spider (Vaults:2)
  6 stone giant zombies
  6 orc sorcerers
  6 shining eyes
  A mana viper (shapeshifter) (Depths:3)
  9 salamanders
  7 iron dragon zombies
  16 fauns
  3 shadow dragon skeletons
  2 cyclopes
  11 frost giant skeletons
  7 manticores
  43 rust devils
  5 dire elephant zombies
  23 black mambas
  A centaur zombie (D:11)
  An apocalypse crab (Zig:7)
  5 stone giant skeletons
  An elephant (shapeshifter) (Zig:7)
  A moth of wrath (shapeshifter) (Depths:2)
  A shock serpent zombie (Coc:5)
  7 fire giant zombies
  13 guardian serpents
  A guardian serpent (shapeshifter) (Elf:1)
  2 orange demons (Hell)
  2 iron dragon skeletons
  9 vault sentinels
  Maurice (D:10)
  4 fire giant skeletons
  10 elephants
  6 gargoyles
  3 water nymphs
  21 naga magi
  A spiny frog (shapeshifter) (Vaults:4)
  5 smoke demons
  3 emperor scorpion zombies
  A shock serpent skeleton (Geh:3)
  5 molten gargoyles
  An eye of devastation (shapeshifter) (Depths:3)
  5 spiny frogs
  20 hellions
  4 eyes of devastation
  An elf zombie (Zig:4)
  A dire elephant skeleton (Hell)
  26 ice devils
  7 komodo dragons
  A catoblepas skeleton (Tar:5)
  27 freezing wraiths
  2 rime drakes (shapeshifter)
  21 yaktaurs
  A harpy zombie (Dis:5)
  33 tormentors
  2 tengu conjurers
  An anaconda simulacrum (Hell)
  4 efreet
  A golden dragon simulacrum (Coc:6)
  15 hydra zombies
  16 red devils
  2 silent spectres
  35 merfolk
  12 trolls
  A wind drake (shapeshifter) (D:15)
  75 saltlings
  A polar bear (shapeshifter) (Depths:2)
  2 polar bears
  A wind drake (Shoals:2)
  3 harpy skeletons
  3 hornets
  7 fire dragon zombies
  A tengu simulacrum (Vaults:1)
  3 blink frogs (Lair:5)
  9 snapping turtles
  3 hydra skeletons
  79 slime creatures
  2 hippogriffs (shapeshifter)
  2 spriggan zombies
  5 alligator zombies
  4 ice dragon zombies
  2 dream sheep (Shoals:1)
  5 air elementals
  4 black mamba zombies
  9 hippogriffs
  60 flying skulls
  5 ettin skeletons
  7 ettin zombies
  A spriggan (shapeshifter) (Vaults:5)
  21 shadows
  3 ice dragon skeletons
  2 large abominations
  2 redbacks (Lab)
  2 alligator skeletons
  A tarantella (shapeshifter) (Depths:2)
  7 fire dragon skeletons
  2 vampires (D:15)
  A redback (shapeshifter) (Vaults:5)
  17 humans (D:13)
  27 wraiths
  41 yaks
  5 wyverns
  2 basilisks
  19 fire elementals
  8 golden eyes
  A hog (shapeshifter) (Depths:2)
  18 water elementals
  A black mamba skeleton (Tar:7)
  A steam dragon (Lair:5)
  A neqoxec (Pan)
  10 hungry ghosts
  5 wargs
  A small abomination (Zig:1)
  2 soldier ants (shapeshifter)
  A swamp worm (Lair:5)
  A human simulacrum (Vaults:2)
  76 hell hounds
  A gelid demonspawn zombie (Dis:4)
  A spatial vortex (Dis:7)
  5 acid dragons
  A merfolk zombie (Dis:1)
  10 spiny frog zombies
  2 hydra simulacra
  38 nagas
  A floating eye (shapeshifter) (Zig:7)
  11 water moccasins
  4 porcupines
  41 orc warriors
  2 swamp drakes (Lair:5)
  2 spiny frog skeletons
  2 alligator simulacra (Hell)
  2 black bears
  6 eyes of draining
  An ice beast (shapeshifter) (D:15)
  A slave (D:8)
  14 necrophages
  An eye of draining (shapeshifter) (Vaults:4)
  4 phantoms
  14 ogres
  6 ice beasts
  2 sky beasts
  7 snapping turtle zombies
  A manticore zombie (Dis:7)
  An ice dragon simulacrum (Hell)
  2 swamp dragon zombies
  A centaur (shapeshifter) (D:15)
  A boggart (Vaults:1)
  12 wolves
  18 centaurs
  A manticore skeleton (Dis:4)
  A tengu (shapeshifter) (Depths:2)
  3 snapping turtle skeletons
  3 swamp dragon skeletons
  8 crocodiles
  3 big kobolds
  2 earth elementals
  16 bullfrogs
  5 scorpions
  A wyvern skeleton (D:9)
  A killer bee (shapeshifter) (Vaults:5)
  4 killer bees (D:9)
  A spriggan skeleton (Tar:1)
  63 wights
  4 howler monkeys (D:12)
  4 electric eels
  2 bullfrog zombies
  10 crimson imps
  3 human zombies
  3 jellies
  2 quasits
  5 hounds
  16 orc priests
  2 centaur skeletons
  3 bullfrog skeletons
  33 iron imps
  4 hell rats
  2 iguanas (D:4)
  8 merfolk sirens
  25 orc wizards
  9 worker ants
  A lightning spire (Zig:5)
  A naga zombie (Geh:7)
  A naga skeleton (Geh:2)
  A hound zombie (D:9)
  9 mummies
  A worker ant zombie (D:6)
  A gnoll (D:2)
  16 adders
  4 river rats
  10 shadow imps
  18 white imps
  An ooze (D:4)
  2 adder skeletons
  A worm (D:2)
  A dart slug (D:4)
  6 leopard geckos
  97 orcs
  4 bats
  5 giant cockroaches
  8 goblins
  10 hobgoblins
  6 jackals
  7 quokkas
  7 ball pythons
  7 frilled lizards
  10 kobolds
  3 leopard gecko skeletons
  A leopard gecko zombie (D:8)
  An orc zombie (Geh:6)
  27 rats
  2 crawling corpses (Elf:3)
  6 plants
  9 tentacles
3178 creatures vanquished.

Vanquished Creatures (collateral kills)
  A tentacled monstrosity (Vaults:5)
  A Hell Sentinel (Dis:7)
  2 acid blobs (Slime:5)
  A storm dragon (Vaults:5)
  2 nagarajas (Snake:4)
  A vault warden (Vaults:2)
  A reaper (Dis:5)
  A war gargoyle (Dis:7)
  A very ugly thing (Depths:3)
  An elemental wellspring (Coc:7)
  An ettin (Vaults:5)
  Snorg (Lair:5)
  A merfolk javelineer (Shoals:4)
  A deep elf death mage (Vaults:5)
  A merfolk impaler (Shoals:4)
  A yaktaur captain (Vaults:5)
  A great orb of eyes (Vaults:4)
  A naga warrior (Snake:4)
  3 anacondas (Snake:4)
  3 hydras
  A merfolk aquamancer (Shoals:4)
  A catoblepas (Lair:3)
  An ogre mage (Vaults:4)
  2 two-headed ogres (D:9)
  A death yak (Shoals:3)
  A tengu warrior (Depths:1)
  3 satyrs
  2 naga sharpshooters
  A hell knight (Geh:7)
  3 sea snakes
  A skeletal warrior (Dis:7)
  An anaconda zombie (Coc:7)
  A deep troll (Vaults:5)
  An unseen horror (D:12)
  2 naga ritualists (Snake:4)
  A phantasmal warrior (Depths:3)
  An orc knight (D:9)
  A harpy (Shoals:3)
  An ironbrand convoker (Vaults:5)
  2 oklob plants
  2 deep elf magi
  2 shining eyes
  6 manticores
  A wolf spider (Vaults:1)
  A frost giant zombie (Geh:3)
  8 fauns
  A cyclops (Shoals:3)
  2 ugly things
  6 guardian serpents (Snake:4)
  2 shadow dragon skeletons (Coc:7)
  3 merfolk sirens
  A stone giant skeleton (Tar:7)
  2 naga magi
  6 black mambas (Snake:4)
  A water nymph (Shoals:4)
  An elephant (Lair:6)
  3 rust devils
  A vault sentinel (Vaults:2)
  2 spiny frogs (Lair:6)
  A gargoyle (D:10)
  A hellion (Dis:7)
  An emperor scorpion zombie (Geh:4)
  2 ice devils
  3 yaktaurs
  A harpy zombie (Coc:7)
  A hydra zombie (Dis:7)
  5 merfolk
  2 red devils
  4 wind drakes
  2 snapping turtles
  2 hippogriffs
  An ettin zombie (Dis:7)
  9 slime creatures
  3 dream sheep (Shoals:3)
  8 flying skulls
  An alligator skeleton (Geh:7)
  3 water elementals (Shoals:4)
  A wyvern (D:9)
  3 wraiths
  10 yaks
  A basilisk (Lair:5)
  A fire elemental (Geh:7)
  A steam dragon (D:12)
  3 hungry ghosts
  A warg (D:9)
  A naga (shapeshifter) (Depths:3)
  6 nagas
  A swamp worm (Lair:5)
  6 hell hounds (Dis:5)
  An ice beast (D:9)
  2 slaves (D:8)
  A snapping turtle zombie (Dis:7)
  A necrophage (Dis:5)
  A sky beast (D:5)
  An eye of draining (Slime:2)
  2 phantoms
  4 ogres
  2 wolves
  4 centaurs
  3 crocodiles
  3 bullfrogs
  2 scorpions
  A killer bee (D:9)
  A howler monkey (D:11)
  7 wights
  2 crimson imps
  A lava snake (D:11)
  A bullfrog zombie (D:7)
  A jelly (D:6)
  8 orc priests
  4 iron imps
  5 orc wizards
  A hell rat (Hell)
  2 merfolk avatars
  A killer bee zombie (D:8)
  A mummy (Dis:1)
  9 gnolls
  2 adders (D:4)
  A shadow imp (Tar:7)
  A white imp (Coc:7)
  2 dart slugs (D:3)
  A leopard gecko (D:3)
  21 orcs
  A goblin (D:3)
  A jackal (D:6)
  A frilled lizard (D:3)
  A kobold (D:8)
  3 rats
  3 plants
  2 tentacles (Shoals:3)
302 creatures vanquished.

Vanquished Creatures (others)
  3 eldritch tentacles
  A frost giant (Zig:9)
  2 elemental wellsprings (Coc:7)
  A dancing weapon (Elf:1)
  2 hell hogs (Geh:7)
  A deep elf knight (Vaults:2)
  A necromancer (Geh:3)
  2 deep elf magi
  A wolf spider zombie (Dis:5)
  A black mamba (Snake:4)
  A guardian serpent (Snake:4)
  A yaktaur (Vaults:4)
  A saltling (Desolation)
  3 flying skulls
  A wraith (Geh:7)
  2 necrophages
  A snapping turtle skeleton (Geh:3)
  A wight (Geh:3)
  A hound (D:12)
  An iron imp (Dis:7)
  2 orc priests (Orc:2)
  2 hell rats (Hell)
  2 orcs (Orc:2)
  A fire vortex (Geh:7)
  8 fungi
  18 plants
  11 tentacles
72 creatures vanquished.

Grand Total: 3552 creatures vanquished

Notes
Turn   | Place    | Note
-------+----------+-------------------------------------------
     0 | D:1      | iamserjio the Barachi Ice Elementalist began the quest for the Orb.
     0 | D:1      | Reached XP level 1. HP: 13/13 MP: 3/3
   141 | D:1      | Reached XP level 2. HP: 18/19 MP: 1/5
   270 | D:2      | Reached XP level 3. HP: 15/24 MP: 1/7
   278 | D:2      | Found a snail-covered altar of Cheibriados.
   287 | D:2      | Became a worshipper of Cheibriados the Contemplative
   608 | D:2      | Reached skill level 5 in Ice Magic
   655 | D:3      | Learned a level 3 spell: Ozocubu's Armour
   679 | D:3      | Reached XP level 4. HP: 12/30 MP: 6/8
   736 | D:3      | Reached * piety under Cheibriados
   878 | D:3      | Reached skill level 1 in Fighting
   912 | D:4      | Learned a level 4 spell: Summon Ice Beast
   941 | D:4      | Reached skill level 1 in Summonings
   941 | D:4      | Reached XP level 5. HP: 11/37 MP: 1/9
   948 | D:4      | Noticed an ogre
  1046 | D:4      | Found a bloodstained altar of Trog.
  1100 | D:4      | Found a glowing drain.
  1107 | D:4      | Reached ** piety under Cheibriados
  1113 | Sewer    | Entered a sewer
  1246 | Sewer    | Reached skill level 2 in Fighting
  1261 | Sewer    | Reached *** piety under Cheibriados
  1279 | Sewer    | Reached XP level 6. HP: 44/44 MP: 6/11
  1467 | D:4      | Noticed a spatial vortex
  1519 | D:4      | Reached **** piety under Cheibriados
  1594 | D:3      | Reached skill level 3 in Fighting
  1597 | D:3      | Reached XP level 7. HP: 19/52 MP: 1/13
  1781 | D:4      | Reached ***** piety under Cheibriados
  1815 | D:5      | Entered Level 5 of the Dungeon
  1851 | D:5      | Reached skill level 5 in Summonings
  1876 | D:5      | Found a staircase to the Ecumenical Temple.
  1911 | D:5      | Reached skill level 1 in Armour
  1952 | D:5      | Found Meokh's Antique Weapon Shoppe.
  1991 | D:5      | Learned a level 4 spell: Throw Icicle
  2013 | D:5      | Found Quirph Qikh's Gadget Emporium.
  2063 | D:5      | Found Neockol's Armour Shoppe.
  2068 | D:5      | Bought a +0 cloak for 67 gold pieces
  2084 | D:5      | Bought a wand of iceblast (6) for 140 gold pieces
  2235 | D:6      | Reached skill level 1 in Invocations
  2236 | D:6      | Reached skill level 4 in Fighting
  2380 | D:6      | Reached XP level 8. HP: 59/60 MP: 9/14
  2397 | D:6      | Found Malap's General Store.
  2404 | D:6      | Bought a scroll of identify for 28 gold pieces
  2404 | D:6      | Bought a scroll of teleportation for 42 gold pieces
  2404 | D:6      | Bought 2 potions of curing for 84 gold pieces
  2471 | D:6      | Reached skill level 1 in Charms
  2478 | D:6      | Got a thick robe
  2554 | D:6      | Found Reneazul's Armour Shoppe.
  2573 | D:6      | Found Daqiatiz's Assorted Antiques.
  2601 | D:6      | Learned a level 2 spell: Sticks to Snakes
  2616 | D:6      | Found Cujung's Magic Scroll Boutique.
  2757 | D:6      | Identified the +2 robe "Sepadon" {SInv Stlth+} (You found it on level 6 of the Dungeon)
  2885 | D:7      | Reached skill level 5 in Armour
  2944 | D:7      | Reached skill level 5 in Fighting
  2978 | D:7      | Reached XP level 9. HP: 23/68 MP: 3/15
  3047 | D:7      | Reached skill level 6 in Fighting
  3181 | D:7      | Found Ysovarph's Jewellery Emporium.
  3274 | D:7      | Reached skill level 5 in Invocations
  3411 | D:8      | Noticed Pikel
  3431 | D:8      | Killed Pikel
  3431 | D:8      | Reached skill level 7 in Fighting
  3533 | D:8      | Reached ****** piety under Cheibriados
  3587 | D:8      | Reached skill level 5 in Dodging
  3594 | D:8      | Reached skill level 5 in Spellcasting
  3787 | D:8      | Found a runed gate.
  3788 | D:8      | Found a runed gate.
  3788 | D:8      | Found a runed gate.
  3789 | D:8      | Noticed poirepourri's ghost (novice DECj)
  3789 | D:8      | Noticed Supahsalami's ghost (novice GrFi)
  3790 | D:8      | Noticed lurker's ghost (novice GnFi)
  3790 | D:8      | Noticed Amnesiac's ghost (novice DsEE)
  3821 | D:8      | Found a blossoming altar of Fedhas.
  3868 | D:9      | Reached XP level 10. HP: 79/79 MP: 3/17
  3906 | D:9      | Noticed a two-headed ogre
  4014 | D:9      | Found a faded altar of an unknown god.
  4014 | D:9      | Found a faded altar of an unknown god.
  4019 | D:9      | Found a sparkling altar of Nemelex Xobeh.
  4021 | D:9      | Found a shadowy altar of Dithmenos.
  4033 | D:9      | Found a shimmering altar of Xom.
  4198 | D:9      | Noticed an orc knight
  4214 | D:9      | Killed an orc knight
  4214 | D:9      | Reached skill level 8 in Fighting
  4261 | D:9      | Noticed a two-headed ogre
  4271 | D:9      | Killed a two-headed ogre
  4478 | D:9      | Found an ornate altar of the Wu Jian Council.
  4559 | D:9      | Reached skill level 1 in Unarmed Combat
  4589 | D:9      | Killed a two-headed ogre
  4589 | D:9      | Reached XP level 11. HP: 77/86 MP: 12/23
  4671 | D:9      | Reached skill level 5 in Unarmed Combat
  4755 | D:9      | Learned a level 4 spell: Ice Form
  4759 | D:9      | Learned a level 3 spell: Spider Form
  4760 | D:10     | Entered Level 10 of the Dungeon
  4785 | D:10     | Found a staircase to the Orcish Mines.
  5085 | D:10     | Noticed Maurice
  5099 | D:10     | Killed Maurice
  5149 | D:11     | Found a transporter.
  5151 | D:11     | Noticed Supahsalami's ghost (journeyman GrVM)
  5152 | D:11     | Noticed a two-headed ogre
  5156 | D:11     | Found a transporter.
  5216 | D:11     | Noticed a seven-headed hydra
  5226 | D:11     | Killed a seven-headed hydra
  5228 | D:11     | Found a staircase to the Lair.
  5319 | D:11     | Noticed a two-headed ogre
  5329 | D:11     | Killed a two-headed ogre
  5341 | D:11     | Found Icutocw's Serpentskin Sales.
  5393 | D:11     | Noticed a green ugly thing
  5393 | D:11     | Noticed a manticore
  5404 | D:11     | Killed a green ugly thing
  5406 | D:11     | Killed a manticore
  5409 | D:11     | Reached skill level 10 in Unarmed Combat
  5532 | D:7      | Bought an uncursed ring of poison resistance for 220 gold pieces
  5591 | D:6      | Bought a scroll of amnesia for 38 gold pieces
  5591 | D:6      | Bought a scroll of magic mapping for 38 gold pieces
  5591 | D:6      | Bought a scroll of identify for 22 gold pieces
  5591 | D:6      | Bought a scroll of identify for 22 gold pieces
  5598 | D:6      | Bought a scroll labeled HINAPEU AWAWN for 31 gold pieces
  5715 | Lair:1   | Entered Level 1 of the Lair of Beasts
  5764 | Lair:1   | Found a labyrinth entrance.
  5778 | Lab      | Entered a labyrinth
  5872 | Lab      | Reached skill level 1 in Transmutations
  6107 | Lab      | Reached XP level 12. HP: 94/94 MP: 24/24
  6386 | Lab      | Noticed a minotaur
  6417 | Lab      | Killed a minotaur
  6459 | Lab      | Identified the amulet of Qyatwos {Acrobat *Slow Int+7} (You found it in a labyrinth)
  6487 | Lab      | Got an encrusted hand crossbow
  6654 | Lair:1   | Reached skill level 9 in Fighting
  6876 | Lair:2   | Found a staircase to the Snake Pit.
  7285 | Lair:2   | Identified the +9 hand crossbow of Subjectivity {penet, Str+7 Int+4 Stlth+} (You found it in a labyrinth)
  7339 | Lair:3   | Noticed a six-headed hydra
  7348 | Lair:3   | Killed a six-headed hydra
  7497 | Lair:3   | Noticed a catoblepas
  7506 | Lair:3   | Killed a catoblepas
  7565 | Lair:3   | Found a basalt altar of Yredelemnul.
  7651 | Lair:3   | Gained mutation: You can hop long distances. [Barachi growth]
  7651 | Lair:3   | Reached XP level 13. HP: 102/102 MP: 25/25
  7731 | Lair:3   | Found a staircase to the Shoals.
  7797 | Lair:3   | Reached skill level 5 in Transmutations
  7803 | Lair:3   | Learned a level 4 spell: Summon Lightning Spire
  7852 | Lair:4   | Identified 3 scrolls of acquirement
  8008 | Lair:5   | Reached skill level 10 in Fighting
  8176 | Lair:5   | Found a runed door.
  8176 | Lair:5   | Found a viscous altar of Jiyva.
  8176 | Lair:5   | Found a staircase to the Slime Pits.
  8176 | Lair:5   | Noticed an acid blob
  8176 | Lair:5   | Noticed an acid blob
  8191 | Lair:5   | Noticed Snorg
  8203 | Lair:5   | Killed Snorg
  8329 | Lair:5   | Reached skill level 10 in Dodging
  8683 | Lair:5   | Learned a level 6 spell: Statue Form
  8692 | Lair:6   | Entered Level 6 of the Lair of Beasts
  8714 | Lair:6   | Reached skill level 1 in Earth Magic
  8823 | Lair:6   | Reached skill level 11 in Fighting
  9030 | Lair:6   | Reached skill level 5 in Earth Magic
  9030 | Lair:6   | Reached XP level 14. HP: 104/113 MP: 7/26
  9555 | Lair:4   | Reached skill level 1 in Shields
  9662 | Lair:4   | Learned a level 5 spell: Irradiate
  9868 | D:6      | Bought the +2 shield of Resistance {rF+ rC+ MR+} for 575 gold pieces
  9868 | D:6      | Found the +2 shield of Resistance {rF+ rC+ MR+}
  9971 | Orc:1    | Entered Level 1 of the Orcish Mines
 10201 | Orc:1    | Found a roughly hewn altar of Beogh.
 10293 | Orc:2    | Entered Level 2 of the Orcish Mines
 10668 | Orc:2    | Gained mutation: You tend to lose your temper in combat. [a neqoxec]
 10684 | Orc:2    | Found a roughly hewn altar of Beogh.
 10698 | Orc:2    | Lost mutation: You tend to lose your temper in combat. [potion of mutation]
 10698 | Orc:2    | Gained mutation: You have supernaturally acute eyesight. (SInv) [potion of mutation]
 10698 | Orc:2    | Gained mutation: You are partially covered in icy blue scales. (AC +2) [potion of mutation]
 10721 | Orc:2    | Found a staircase to the Elven Halls.
 10764 | Orc:2    | Reached XP level 15. HP: 120/120 MP: 23/27
 10776 | Orc:2    | Reached skill level 5 in Shields
 10807 | Orc:2    | Found Coizeiwe's Book Emporium.
 10807 | Orc:2    | Found Osagok's Gadget Boutique.
 10815 | Orc:2    | Found Sim Wolueng's Book Emporium.
 10815 | Orc:2    | Found Dosug's General Store.
 10830 | Orc:2    | Bought the Grimoire of the Frostbite and Black Rites for 1040 gold pieces
 10836 | Orc:2    | Bought a book of Cantrips for 320 gold pieces
 10838 | Orc:2    | Bought a book of Necromancy for 450 gold pieces
 10844 | Orc:2    | Learned a level 5 spell: Borgnjor's Vile Clutch
 10848 | Orc:2    | Learned a level 3 spell: Regeneration
 10851 | Orc:2    | Learned a level 1 spell: Animate Skeleton
 10853 | Orc:2    | Learned a level 1 spell: Apportation
 10854 | Orc:2    | Bought a potion of heal wounds for 75 gold pieces
 11129 | Snake:1  | Entered Level 1 of the Snake Pit
 11198 | Snake:1  | Reached skill level 12 in Fighting
 11230 | Snake:1  | Reached skill level 1 in Necromancy
 11268 | Snake:2  | Noticed a nagaraja
 11282 | Snake:2  | Killed a nagaraja
 11356 | Snake:2  | Noticed Roxanne
 11723 | Snake:2  | Killed Roxanne
 11811 | Snake:2  | Reached skill level 5 in Necromancy
 11811 | Snake:2  | Reached skill level 10 in Earth Magic
 11828 | Snake:2  | Got a crude robe
 11845 | Snake:3  | Noticed Saint Roka
 11858 | Snake:3  | Reached skill level 10 in Spellcasting
 11903 | Snake:3  | Reached XP level 16. HP: 123/127 MP: 12/30
 11911 | Snake:3  | Learned a level 4 spell: Animate Dead
 11980 | Snake:3  | Noticed a nagaraja
 11991 | Snake:3  | Killed a nagaraja
 12034 | Snake:3  | Killed Saint Roka
 12100 | Snake:3  | Noticed Aizul
 12112 | Snake:3  | Killed Aizul
 12143 | Snake:4  | Entered Level 4 of the Snake Pit
 12214 | Snake:4  | Reached skill level 10 in Shields
 12294 | Snake:4  | Noticed a nagaraja
 12303 | Snake:4  | Killed a nagaraja
 12306 | Snake:4  | Identified the cursed +0 robe of Vite {*Drain +Inv rF+ rCorr} (You found it on level 2 of the Snake Pit)
 12318 | Snake:4  | Learned a level 2 spell: Passwall
 12419 | Snake:4  | Noticed a nagaraja
 12424 | Snake:4  | Noticed a nagaraja
 12426 | Snake:4  | Killed a nagaraja
 12427 | Snake:4  | Noticed a nagaraja
 12433 | Snake:4  | Killed a nagaraja
 12439 | Snake:4  | Killed a nagaraja
 12723 | Snake:4  | Noticed a nagaraja
 12730 | Snake:4  | Killed a nagaraja
 12730 | Snake:4  | Reached XP level 17. HP: 133/133 MP: 32/32
 12858 | Snake:4  | Got a serpentine rune of Zot
 13042 | Snake:2  | Noticed Vashnia
 13070 | Snake:2  | Killed Vashnia
 13261 | Shoals:1 | Entered Level 1 of the Shoals
 13261 | Shoals:1 | Found Patoubre's Weapon Shop.
 13640 | Shoals:2 | Noticed Louise
 13644 | Shoals:2 | Killed Louise
 13916 | Shoals:3 | Noticed Polyphemus
 13923 | Shoals:3 | Killed Polyphemus
 13925 | Shoals:3 | Found Uhoot's Magic Scroll Emporium.
 13970 | Shoals:3 | Noticed a kraken
 13988 | Shoals:3 | Killed a kraken
 14061 | Shoals:3 | Reached XP level 18. HP: 141/141 MP: 29/34
 14085 | Shoals:3 | Bought a scroll of teleportation for 33 gold pieces
 14211 | Shoals:4 | Entered Level 4 of the Shoals
 14251 | Shoals:4 | Found a flickering gateway to a bazaar.
 14266 | Bazaar   | Entered a bazaar
 14266 | Bazaar   | Found Webliw's Assorted Antiques.
 14266 | Bazaar   | Found Noivof's Antique Armour Shoppe.
 14266 | Bazaar   | Found Hioblat's Armour Shop.
 14267 | Bazaar   | Found Coen's Antique Armour Boutique.
 14308 | Bazaar   | Bought a runed scarf for 304 gold pieces
 14311 | Bazaar   | Bought a runed scarf for 288 gold pieces
 14311 | Bazaar   | Bought a potion of magic for 288 gold pieces
 14311 | Bazaar   | Bought a ring of protection for 72 gold pieces
 14319 | Bazaar   | Bought a +2 pair of boots of stealth for 172 gold pieces
 14370 | Bazaar   | Bought the +2 cloak of the Thief {+Fog Slay-2 SInv Stlth+} for 783 gold pieces
 14370 | Bazaar   | Found the +2 cloak of the Thief {+Fog Slay-2 SInv Stlth+}
 14449 | Shoals:4 | Got a barnacled rune of Zot
 14460 | Shoals:4 | Reached skill level 13 in Fighting
 15072 | Lair:5   | Learned a level 4 spell: Passage of Golubria
 15074 | Lair:5   | Learned a level 1 spell: Summon Butterflies
 15076 | Slime:1  | Entered Level 1 of the Pits of Slime
 15236 | Slime:2  | Gained mutation: You are clumsy. (Dex -2) [a shining eye]
 15297 | Slime:2  | Reached skill level 10 in Invocations
 15302 | Slime:2  | Reached skill level 15 in Unarmed Combat
 15306 | Slime:2  | Gained mutation: Your body sometimes deteriorates upon taking damage. [a shining eye]
 15307 | Slime:2  | Gained mutation: Your body often deteriorates upon taking damage. [a shining eye]
 15353 | Slime:3  | Reached XP level 19. HP: 151/151 MP: 10/35
 15532 | Slime:2  | Gained mutation: You are very clumsy. (Dex -4) [a shining eye]
 15533 | Slime:2  | Gained mutation: You are weak. (Str -2) [a shining eye]
 15780 | Slime:3  | Reached skill level 14 in Fighting
 15847 | Slime:3  | Reached skill level 15 in Shields
 15908 | Slime:4  | Lost mutation: You have supernaturally acute eyesight. (SInv) [a shining eye]
 15917 | Slime:5  | Entered Level 5 of the Pits of Slime
 15930 | Slime:5  | Gained mutation: You are frail. (-10% HP) [a shining eye]
 15996 | Slime:5  | Noticed the Royal Jelly
 16049 | Slime:5  | Killed the Royal Jelly
 16050 | Slime:5  | HP: 5/178 [acid (7)]
 16232 | Slime:5  | Got a steaming ivory amulet
 16236 | Slime:5  | Got a slimy rune of Zot
 16266 | Slime:5  | Got a spiked leather armour
 16281 | Slime:5  | Identified the cursed +0 leather armour of Chimes {+Fly MR- SInv Stlth+} (You found it on level 5 of the Pits of Slime)
 16282 | Slime:5  | Identified the amulet of Daffodils {+Rage Int+3 Slay+3} (You found it on level 5 of the Pits of Slime)
 16514 | D:11     | Killed Supahsalami's ghost
 16629 | Elf:1    | Entered Level 1 of the Elven Halls
 16656 | Elf:1    | Reached skill level 1 in Translocations
 16806 | Elf:1    | Found Xiylus's Antique Armour Boutique.
 16811 | Elf:1    | Reached XP level 20. HP: 144/144 MP: 36/36
 16917 | Elf:2    | Found a runed gate.
 16928 | Elf:2    | Found a runed gate.
 16929 | Elf:2    | Found a runed gate.
 16962 | Elf:2    | Found a ruined gateway.
 16967 | Elf:2    | Reached skill level 15 in Fighting
 16986 | Elf:2    | Learned a level 5 spell: Aura of Abjuration
 16987 | Desolati | Entered the Desolation of Salt
 17066 | Desolati | Identified the Handbook of the Heron
 17096 | Desolati | Got a bound copper ring
 17118 | Desolati | Identified the ring of Yredelemnul's Envy {rElec rC+ rN+ Slay+3 SInv} (You found it in the Desolation of Salt)
 17292 | Desolati | Identified Sif Muna's Grimoire of Fire
 17307 | Desolati | Identified the Guide on Clay and Darkness
 17371 | Desolati | Identified the Handbook of the Traveller and Confrontation
 17373 | Desolati | Identified the Volume of Congealing Fire
 17393 | Desolati | Reached skill level 16 in Fighting
 17400 | Desolati | Got a brightly glowing zirconium amulet
 17464 | Desolati | Learned a level 2 spell: Blink
 17522 | Elf:3    | Entered Level 3 of the Elven Halls
 17772 | Elf:3    | Reached XP level 21. HP: 153/153 MP: 15/38
 17860 | Elf:3    | Reached skill level 10 in Necromancy
 17909 | Elf:3    | Got a transparent bronze amulet
 17916 | Elf:3    | Learned a level 3 spell: Lesser Beckoning
 17918 | Elf:3    | Got a wavering amber ring
 17939 | Elf:3    | Identified the ring of Departure {Str+6 Stlth-} (You took it off a deep elf death mage on level 3 of the Elven Halls)
 17944 | Elf:3    | Got a smoking pewter ring
 17945 | Elf:3    | Identified the ring "Pafouj" {Wiz rF+ SInv} (You found it on level 3 of the Elven Halls)
 17966 | Elf:3    | Got an ancient copper ring
 17980 | Elf:3    | Got a crude platinum amulet
 18027 | Elf:3    | Identified the Disquisition on the Ensnaring Escort
 18082 | Elf:3    | Identified the Incunabulum of Dusty Venom
 18158 | Elf:3    | Found a radiant altar of Vehumet.
 18290 | Elf:2    | Reached skill level 17 in Fighting
 18835 | Elf:1    | Found a runed gate.
 18835 | Elf:1    | Found a runed gate.
 18837 | Elf:1    | Found a runed gate.
 18839 | Elf:1    | Noticed KristoblXynda's ghost (adept OgBe)
 18898 | Elf:1    | Killed KristoblXynda's ghost
 18933 | Elf:1    | Got a pitted pewter ring
 18937 | Elf:1    | Identified the ring of Prescription {rCorr +Blink rF- rC+ rN+} (You took it off a deep elf blademaster on level 3 of the Elven Halls)
 18939 | Elf:1    | Identified the ring of the Orange Skies {rCorr rF+ Str+4 Int-5} (You found it on level 1 of the Elven Halls)
 19103 | D:12     | Identified the amulet of Digie {+Fly Regen+ Dex+2} (You found it in the Desolation of Salt)
 19136 | D:12     | Noticed Josephine
 19142 | D:12     | Killed Josephine
 19156 | D:12     | Identified the amulet "Neism" {+Rage rPois Int+6} (You took it off a deep elf death mage on level 3 of the Elven Halls)
 19165 | D:12     | Found a runed gate.
 19165 | D:12     | Found a runed gate.
 19165 | D:12     | Noticed lurker's ghost (novice DrFE)
 19166 | D:12     | Found a runed gate.
 19168 | D:12     | Found an opulent altar of Gozag.
 19168 | D:12     | Found Vohiefish's Assorted Antiques.
 19181 | D:12     | Killed lurker's ghost
 19192 | D:12     | Bought a ring of protection for 62 gold pieces
 19192 | D:12     | Bought a potion of heal wounds for 155 gold pieces
 19192 | D:12     | Bought a scroll labeled DURREO XOFROC for 31 gold pieces
 19192 | D:12     | Bought a scroll of identify for 62 gold pieces
 19192 | D:12     | Identified the amulet of Prescription {Spirit rElec rF+ Dex+7} (You took it off a deep elf death mage on level 3 of the Elven Halls)
 19614 | D:13     | Found a runed door.
 19614 | D:13     | Noticed Zavuygh's ghost (journeyman SpEE)
 19632 | D:13     | Killed Zavuygh's ghost
 19681 | D:13     | Got a twisted cloak
 19750 | D:13     | Identified the +2 cloak of the Orange Skies {MR+} (You found it on level 13 of the Dungeon)
 19949 | D:13     | Found a gate to the Vaults.
 19979 | Vaults:1 | Entered Level 1 of the Vaults
 19985 | Vaults:1 | Reached skill level 15 in Spellcasting
 20108 | Vaults:1 | Reached XP level 22. HP: 164/164 MP: 41/41
 20161 | Vaults:2 | Reached skill level 18 in Fighting
 20256 | Vaults:3 | Found Akaqaq's Book Boutique.
 20504 | Vaults:4 | Noticed Jorgrun
 20515 | Vaults:4 | Killed Jorgrun
 20540 | Vaults:4 | Reached skill level 5 in Stealth
 20662 | Vaults:5 | Entered Level 5 of the Vaults
 20687 | Vaults:5 | Noticed an ancient lich
 20730 | Vaults:4 | Killed an ancient lich
 20745 | Vaults:4 | Reached XP level 23. HP: 126/172 MP: 9/43
 20760 | Vaults:4 | Reached skill level 19 in Fighting
 20829 | Vaults:4 | Found Esueg's Weapon Boutique.
 20873 | Vaults:5 | Noticed a golden dragon
 20876 | Vaults:5 | Killed a golden dragon
 20879 | Vaults:5 | Noticed a golden dragon
 20889 | Vaults:5 | Killed a golden dragon
 20911 | Vaults:4 | Identified the ring of the Evil One {rPois Str+4 Int+4 SInv} (You acquired it on level 4 of the Vaults)
 20948 | Vaults:5 | Noticed a golden dragon
 20957 | Vaults:5 | Killed a golden dragon
 21000 | Vaults:5 | Got a silver rune of Zot
 21044 | Vaults:5 | Identified the Reference Book on Sinister Shape Shifting
 21162 | Vaults:5 | Noticed a golden dragon
 21177 | Vaults:5 | Killed a golden dragon
 21237 | Vaults:5 | Identified the cursed +1 leather armour of Indemnity {Dex+4 Stlth+} (You found it on level 5 of the Vaults)
 21280 | Vaults:5 | Learned a level 6 spell: Deflect Missiles
 21282 | Vaults:5 | Noticed an ancient lich
 21286 | Vaults:5 | Killed an ancient lich
 21286 | Vaults:5 | Reached skill level 1 in Air Magic
 21416 | Vaults:5 | Got a glittering ivory ring
 21418 | Vaults:5 | Identified the ring "Naun Jei" {+Inv Str-4 SInv Stlth-} (You took it off a deep elf elementalist on level 5 of the Vaults)
 21544 | Vaults:3 | Found a staircase to the Crypt.
 21544 | Vaults:3 | Found a basalt altar of Yredelemnul.
 21545 | Vaults:3 | Found an ancient bone altar of Kikubaaqudgha.
 21568 | Vaults:2 | Got a faintly glowing bone ring
 21643 | Vaults:2 | Reached skill level 20 in Fighting
 21643 | Vaults:2 | Reached XP level 24. HP: 83/183 MP: 27/44
 21905 | Vaults:2 | Found Kefe's Gadget Shoppe.
 21915 | Vaults:2 | Bought a wand of acid (8) for 432 gold pieces
 21915 | Vaults:2 | Identified the ring "Voch" {-Tele rElec rC+ Int+4} (You found it on level 2 of the Vaults)
 22021 | Vaults:2 | Found Quqapp's Armour Emporium.
 22036 | Vaults:2 | Bought the +2 cloak "Naol Gusch" {rF+ rC+ SInv Stlth-} for 804 gold pieces
 22459 | Vaults:1 | Noticed Donald
 22466 | Vaults:1 | Killed Donald
 22707 | D:15     | Entered Level 15 of the Dungeon
 22756 | D:14     | Found an opulent altar of Gozag.
 22823 | D:15     | Found Alumemiz's Antique Armour Shop.
 23075 | D:15     | Reached skill level 5 in Air Magic
 23109 | D:15     | Found a staircase to the Depths.
 23120 | Depths:1 | Entered Level 1 of the Depths
 23218 | Depths:1 | Found a gateway to a ziggurat.
 23220 | Depths:1 | Reached skill level 21 in Fighting
 23235 | Zig:1    | Entered Level 1 of a ziggurat
 23250 | Zig:2    | Entered Level 2 of a ziggurat
 23269 | Zig:3    | Entered Level 3 of a ziggurat
 23297 | Zig:3    | Got a pair of faintly humming boots
 23302 | Zig:4    | Entered Level 4 of a ziggurat
 23302 | Zig:4    | Noticed a shard shrike
 23309 | Zig:4    | Killed a shard shrike
 23309 | Zig:4    | Reached XP level 25. HP: 192/192 MP: 45/45
 23318 | Zig:4    | Identified Yzeikk's Tome of Flamy Dislocation
 23322 | Zig:5    | Entered Level 5 of a ziggurat
 23343 | Zig:5    | Found the +3 robe of Clouds {+Fly rElec}
 23350 | Zig:5    | Identified Emyqux's Mastering Rites and Rhymes
 23365 | Zig:5    | Identified the +1 pair of boots of the Shrike {rPois MR+++ Str-3 Stlth+} (You found it on level 3 of a ziggurat)
 23377 | Zig:5    | Got a pair of distressingly furry gloves
 23388 | Zig:5    | Identified the +2 pair of gloves of Repulsion {rN+ rCorr Int+4} (You found it on level 5 of a ziggurat)
 23393 | Zig:6    | Entered Level 6 of a ziggurat
 23423 | Zig:6    | Identified the Volume of Poison and Arcane Weapons
 23435 | Zig:7    | Entered Level 7 of a ziggurat
 23439 | Zig:7    | Noticed a Killer Klown
 23456 | Zig:7    | Killed a Killer Klown
 23477 | Zig:8    | Entered Level 8 of a ziggurat
 23515 | Zig:8    | Identified the Grimoire of Transformation and Execration
 23518 | Zig:8    | Identified Ifanweck's Grimoire of Feathery Summoning
 23550 | Zig:9    | Entered Level 9 of a ziggurat
 23556 | Zig:9    | Found the +8 demon blade "Leech" {vamp, rN+ AC-3 EV-3}
 23618 | Zig:10   | Entered Level 10 of a ziggurat
 23654 | Zig:10   | Reached skill level 22 in Fighting
 23671 | Zig:10   | Found the +3 giant club "Skullcrusher" {speed, Str+7}
 23676 | Zig:10   | Identified Vuere's Papyrus of Mutagenic Ignition
 23686 | Zig:10   | Got a heavily runed bone ring
 23688 | Zig:10   | Identified the ring of Orelor {*Tele +Inv rPois} (You found it on level 10 of a ziggurat)
 23730 | Depths:1 | Found a gateway to Hell.
 23767 | Depths:1 | Learned a level 5 spell: Summon Mana Viper
 23775 | Hell     | Entered the Vestibule of Hell
 23775 | Hell     | Noticed Geryon
 23797 | Hell     | Killed Geryon
 23875 | Depths:1 | Upgraded the game from 0.22-a0-866-geee5034 to 0.22-a0-877-g5c4e1af
 23929 | Hell     | Reached skill level 1 in Evocations
 23943 | Depths:1 | Reached skill level 1 in Throwing
 24157 | Hell     | Found a gateway to the freezing wastes of Cocytus.
 24179 | Coc:1    | Entered Level 1 of Cocytus
 24179 | Coc:1    | Found a gateway to Hell.
 24226 | Coc:1    | Noticed a shard shrike
 24230 | Coc:1    | Killed a shard shrike
 24289 | Coc:2    | Found a gateway to Hell.
 24295 | Coc:2    | Found a gateway to Hell.
 24368 | Coc:3    | Found a gateway to Hell.
 24386 | Coc:3    | Gained mutation: You are very weak. (Str -4) [mutagenic glow]
 24402 | Coc:3    | Reached XP level 26. HP: 203/203 MP: 36/45
 24415 | Coc:4    | Found a gateway to Hell.
 24456 | Coc:4    | Noticed a shard shrike
 24465 | Coc:4    | Killed a shard shrike
 24480 | Coc:4    | Noticed a shard shrike
 24482 | Coc:4    | Killed a shard shrike
 24488 | Coc:4    | Found a gateway to Hell.
 24531 | Coc:4    | Found a gateway to Hell.
 24575 | Coc:4    | Reached skill level 5 in Evocations
 24690 | Coc:5    | Found a gateway to Hell.
 24738 | Coc:5    | Found a gateway to Hell.
 24797 | Coc:6    | Found a gateway to Hell.
 24797 | Coc:6    | Found a gateway to Hell.
 24913 | Coc:7    | Entered Level 7 of Cocytus
 24913 | Coc:7    | Found a gateway to Hell.
 24913 | Coc:7    | Found a gateway to Hell.
 24913 | Coc:7    | Found a gateway to Hell.
 24915 | Coc:7    | Reached skill level 10 in Stealth
 24919 | Coc:7    | Noticed a shard shrike
 24920 | Coc:7    | Killed a shard shrike
 25019 | Coc:7    | Reached skill level 23 in Fighting
 25092 | Coc:7    | Noticed a shard shrike
 25095 | Coc:7    | Noticed a shard shrike
 25095 | Coc:7    | Noticed a shard shrike
 25096 | Coc:7    | Killed a shard shrike
 25096 | Coc:7    | Killed a shard shrike
 25096 | Coc:7    | Killed a shard shrike
 25223 | Coc:7    | Reached skill level 10 in Evocations
 25281 | Coc:7    | Got a smoking silver amulet
 25315 | Coc:7    | Reached XP level 27. HP: 123/211 MP: 27/45
 25355 | Coc:7    | Noticed Antaeus
 25375 | Coc:7    | Killed Antaeus
 25381 | Coc:7    | Got an icy rune of Zot
 25589 | Hell     | Found a gateway to the Iron City of Dis.
 25607 | Dis:1    | Entered Level 1 of the Iron City of Dis
 25607 | Dis:1    | Found a gateway to Hell.
 25910 | Dis:2    | Found a gateway to Hell.
 25910 | Dis:2    | Found a gateway to Hell.
 26066 | Dis:3    | Found a gateway to Hell.
 26066 | Dis:3    | Found a gateway to Hell.
 26108 | Dis:3    | Found a gateway to Hell.
 26154 | Dis:4    | Found a gateway to Hell.
 26214 | Dis:4    | Found a gateway to Hell.
 26274 | Dis:4    | You fall through a shaft!
 26326 | Dis:5    | Found a gateway to Hell.
 26361 | Dis:5    | Found a burning altar of Makhleb.
 26469 | Dis:5    | Reached skill level 24 in Fighting
 26528 | Dis:5    | Found a gateway to Hell.
 26641 | Dis:5    | Found a gateway to Hell.
 26790 | Dis:6    | Found a gateway to Hell.
 26883 | Dis:6    | Noticed a greater mummy
 26886 | Dis:6    | Killed a greater mummy
 26910 | Dis:7    | Entered Level 7 of the Iron City of Dis
 26910 | Dis:7    | Found a gateway to Hell.
 27094 | Dis:7    | Gained mutation: Scrolls take you a little longer to read. [mutagenic glow]
 27163 | Dis:7    | Lost mutation: You are very clumsy. (Dex -4) [potion of mutation]
 27163 | Dis:7    | Lost mutation: Scrolls take you a little longer to read. [potion of mutation]
 27163 | Dis:7    | Lost mutation: You are very weak. (Str -4) [potion of mutation]
 27163 | Dis:7    | Lost mutation: Your body often deteriorates upon taking damage. [potion of mutation]
 27163 | Dis:7    | Gained mutation: You have sharp toenails. [potion of mutation]
 27163 | Dis:7    | Lost mutation: You are clumsy. (Dex -2) [potion of mutation]
 27163 | Dis:7    | Gained mutation: You are mostly covered in icy blue scales. (AC +3) [potion of mutation]
 27208 | Dis:7    | Reached skill level 15 in Dodging
 27298 | Dis:7    | Identified the amulet "Vaguut" {Regen+ Dex+5} (You found it on level 7 of Cocytus)
 27512 | Dis:7    | Noticed Dispater
 27532 | Dis:7    | Killed Dispater
 27532 | Dis:7    | Reached skill level 25 in Fighting
 27558 | Dis:7    | Got an iron rune of Zot
 27565 | Dis:7    | Found a gateway to Hell.
 27627 | Hell     | Found a gateway to the ashen valley of Gehenna.
 27638 | Geh:1    | Entered Level 1 of Gehenna
 27638 | Geh:1    | Found a gateway to Hell.
 27685 | Geh:2    | Found a gateway to Hell.
 27685 | Geh:2    | Found a gateway to Hell.
 27766 | Geh:2    | Found a gateway to Hell.
 27781 | Geh:3    | Found a gateway to Hell.
 27977 | Geh:4    | Found a huge runed gate.
 27977 | Geh:4    | Found a huge runed gate.
 27977 | Geh:4    | Found a huge runed gate.
 27977 | Geh:4    | Found a huge runed gate.
 28082 | Geh:5    | Found a gateway to Hell.
 28092 | Geh:6    | Found a gateway to Hell.
 28124 | Geh:6    | Reached skill level 15 in Stealth
 28145 | Geh:7    | Entered Level 7 of Gehenna
 28145 | Geh:7    | Found a gateway to Hell.
 28145 | Geh:7    | Found a gateway to Hell.
 28145 | Geh:7    | Found a gateway to Hell.
 28237 | Geh:7    | Noticed the Serpent of Hell
 28242 | Geh:7    | Killed the Serpent of Hell
 28419 | Geh:7    | Noticed Asmodeus
 28457 | Geh:7    | Reached skill level 26 in Fighting
 28499 | Geh:7    | Killed Asmodeus
 28513 | Geh:7    | Got an obsidian rune of Zot
 28661 | Hell     | Found a gateway to the decaying netherworld of Tartarus.
 28665 | Hell     | Reached skill level 15 in Earth Magic
 28670 | Tar:1    | Entered Level 1 of Tartarus
 28670 | Tar:1    | Found a gateway to Hell.
 28845 | Tar:2    | Found a gateway to Hell.
 28920 | Tar:3    | Found a gateway to Hell.
 29083 | Tar:4    | Found a gateway to Hell.
 29096 | Tar:5    | Found a gateway to Hell.
 29221 | Tar:5    | Found a gateway to Hell.
 29422 | Tar:5    | Found a gateway to Hell.
 29451 | Tar:6    | Found a gateway to Hell.
 29471 | Tar:7    | Entered Level 7 of Tartarus
 29471 | Tar:7    | Found a gateway to Hell.
 29541 | Tar:7    | Reached skill level 27 in Fighting
 29581 | Tar:7    | Noticed Ereshkigal
 29600 | Tar:7    | Killed Ereshkigal
 29692 | Tar:7    | Got a bone rune of Zot
 29733 | Tar:7    | Got a warped tin ring
 29735 | Tar:7    | Identified the ring "Pevuan Qaagh" {-Tele rN+ MR++ Int+2} (You found it on level 7 of Tartarus)
 29840 | Depths:2 | Gained mutation: Your spells are a little easier to cast, but a little less powerful. [a shining eye]
 29857 | Depths:2 | Noticed a juggernaut
 29871 | Depths:2 | Killed a juggernaut
 30026 | Depths:2 | Noticed Mara
 30031 | Depths:2 | Killed Mara
 30241 | Depths:2 | Found a shimmering altar of Xom.
 30371 | Depths:3 | Found a one-way gate leading to the halls of Pandemonium.
 30391 | Pan      | Entered Pandemonium
 30607 | Pan      | Noticed a seraph
 30619 | Pan      | Killed a seraph
 30649 | Pan      | Found a glowing golden altar of the Shining One.
 30661 | Pan      | Got a pair of brightly glowing gloves
 30661 | Pan      | Got a demonic rune of Zot
 30736 | Pan      | Found a glowing silver altar of Zin.
 30762 | Pan      | HP: 10/287 [daeva/divine providence (8)]
 30764 | Pan      | HP: 1/291 [daeva/divine providence (11)]
 30764 | Pan      | Killed from afar by a daeva

Vault maps used:
D:1:      lightli_arrival_windingriver
D:2:      cheibriados_altar_1
D:3:      first_ration, kennysheep_generic_room_5
D:4:      nicolae_overflow_hidden_temple, portal_sewer_entry_b,
          hangedman_decor_peaks_small
D:5:      temple_fountains, serial_shops, shop, nicolae_shop_crystal,
          nicolae_shop_behind_doors, shop
D:6:      serial_shops, kennysheep_mini, shop, nicolae_shop_crystal,
          nicolae_shop_behind_doors
D:7:      serial_shops, shop
D:8:      fedhas_altar_decomposition, gammafunk_ghost_cemetery, uniq_pikel
D:9:      minmay_the_grid_net, lemuel_coloured_pillars_altar,
          chequers_temple_overflow_minitemple
D:10:     orc_0_dummy, grunt_ogre_cave, uniq_maurice
D:11:     lair_entry_dummy, gammafunk_ghost_smash, guppyfry_shop_venom
D:12:     ebering_ghost_gozag, minmay_parallelograms, uniq_josephine
D:13:     grunt_vaults_entry_tiered, gammafunk_ghost_grave,
          corexii_hall_statues_s
D:14:     nicolae_gozag_cash_rules_everything_around_me
D:15:     gammafunk_enter_depths_forms, serial_shops, nicolae_shop_behind_doors
Lair:1:   lab_entry_generic, beast_lair_carwin_3
Lair:2:   minmay_snake_entry_six_corridors, lemuel_fruit_fields
Lair:3:   elwin_shoals_entry_rooms, basic_altar
Lair:5:   onia_ninara_swampy_vault, slime_altar_2, uniq_snorg
Lair:6:   evilmike_catoblepas_cave
Shoals:1: cheibrodos_shoals_satyrical_garden, serial_shops, shop
Shoals:2: uniq_louise
Shoals:3: serial_shops, shop, uniq_polyphemus
Shoals:4: shoals_end_simple, serial_shops, bzr_firewalk
Snake:1:  serial_bayou_shore_a
Snake:2:  nicolae_snake_double_loop, uniq_roxanne, uniq_vashnia
Snake:3:  uniq_aizul, uniq_saint_roka
Snake:4:  grunt_snake_rune_serpentine_throne
Orc:1:    basic_altar
Orc:2:    grunt_orc_tribal_feast, basic_altar
Elf:1:    minmay_elf_arrival_circle, serial_shops,
          nicolae_shop_overgrown_old_shop, gammafunk_ghost_split,
          kennysheep_underground_church
Elf:2:    portal_desolation_entry_nicolae_nacl, st_stairs_6, minivault_5,
          roderic_roman_lattice, uniq_azrael
Elf:3:    minmay_elf_hall, basic_altar
Vaults:1: nicolae_vaults_twisting_passages, nicolae_vaults_mini_display_case,
          hangedman_vaults_corner_blocks, v_misc_25,
          nicolae_vaults_sealed_display, dpeg_vaults_monster_box,
          ontoclasm_vaults_ligature, vaults_room_semicircle,
          vaults_mumra_minichess, nicolae_vaults_rhombus_5, vaults_dpeg_hooks,
          nicolae_trove_entry_crystal, uniq_donald
Vaults:2: st_quartered_hall, v_misc_23, ontoclasm_vaults_spin,
          vaults_room_mumra_shop_pool, vaults_room_large_hall,
          ontoclasm_vaults_shuriken, nicolae_vaults_network_star,
          ontoclasm_vaults_tryst, v_misc_8, ontoclasm_vaults_ring_square,
          vaults_mumra_minichess_inversion, serial_ice_b, serial_shops, shop,
          shop, shop_fountains
Vaults:3: v_misc_17, minmay_crypt_entry_necro_gods, ontoclasm_vaults_idyll,
          nicolae_vaults_octagons, ontoclasm_vaults_eye,
          nicolae_vaults_network_periphery, v_misc_23,
          nicolae_vaults_three_branches, nicolae_vaults_theta, serial_shops,
          shop
Vaults:4: nicolae_vaults_diagonal_hallway_9, nicolae_vaults_shelves_hall,
          nicolae_vaults_inception_statues, v_misc_23, hangedman_vaults_slice,
          nicolae_vaults_little_squares_3, v_alt_pattern_3, v_misc_11,
          st_smaller_cells, vaults_room_octagon, v_misc_30,
          vaults_room_stairs_pillars, vaults_room_fancy_cross,
          hangedman_vaults_trim, nicolae_vaults_diagonal_hallway_7,
          serial_shops, nicolae_shop_window_shopping, uniq_jorgrun
Depths:1: enter_ziggurat_c, minmay_crystal_room, grunt_mini_vestibule,
          columned_hall_lemuel, moated_statue, evilmike_butchery,
          minmay_shop_grove
Depths:2: nicolae_legendary_halls, hangedman_tar_grid_catacomb,
          grunt_decor_arrowhead, xom_teletrap_fun, uniq_mara
Depths:3: due_jory_tower, hangedman_abyss_entry_splay, serial_shops, shop,
          hell_entry, serial_sigils, serial_sigils_hangedman_leer,
          serial_sigils_hangedman_writhe, serial_sigils_hangedman_confine,
          serial_sigils_hangedman_scar, pan_entry
Depths:4: hangedman_crystal_crosses_colossus, serial_shops, pan_entry,
          abyss_entry, hell_entry, uniq_frederick, uniq_xtahua
Dis:4:    evilmike_ambush
Dis:5:    kennysheep_iron_temple
Dis:6:    lemuel_mystery_crypt
Dis:7:    iron_city_of_dis
Geh:2:    grunt_megastairs_5
Geh:3:    lemuel_flamethrower_2
Geh:4:    door_vault
Geh:6:    grunt_megastairs_1
Geh:7:    geh_hangedman
Coc:1:    serial_ice
Coc:7:    coc_dpeg
Tar:1:    nicolae_tar_cuneiform_oil
Tar:3:    nicolae_tar_cuneiform_bird
Tar:6:    grunt_megastairs_2
Tar:7:    tar_grunt_cathedral
Pan:      evilmike_mini_pan_branches, rand_demon_9, pan_blood_fountain_small,
          evilmike_holy_pan
Zig:6:    ziggurat_pillar_centre_oklobs
Zig:7:    ziggurat_pillar_centre_c
Lab:      nicolae_lab_plus, nicolae_lab_big_swirl, nicolae_lab_lava,
          nicolae_lab_arrow, nicolae_lab_t_cross, nicolae_lab_dead_end,
          lab_block, nicolae_lab_very_dead_end
Bazaar:   bazaar_minmay_generic_island
Sewer:    sewer_sea

Skill      XL: |  1  2  3  4  5  6  7  8  9 10 11 12 13 14 15 16 17 18 19 20 21 22 23 24 25 26 27 |
---------------+----------------------------------------------------------------------------------+-----
Ice Magic      | 4 5 6 |  6.0
Spellcasting   | 3 4 5 8 10 11 12 13 15 16 17 18 20 | 20.0
Fighting       | 1 2 3 4 5 7 8 9 11 12 13 14 16 17 18 20 21 22 23 27 | 27.0
Summonings     | 1 2 4 5 6 |  6.0
Armour         | 2 5 6 |  6.0
Invocations    | 1 4 5 6 7 8 10 11 | 11.0
Charms         | 2 3 4 |  4.1
Dodging        | 5 8 9 10 12 13 18 | 18.0
Stealth        | 2 3 6 8 9 11 16 | 16.8
Unarmed Combat | 3 10 11 13 15 16 17 18 19 20 21 22 24 | 24.7
Transmutations | 1 4 7 8 |  8.0
Earth Magic    | 5 9 10 17 | 17.0
Shields        | 4 8 11 13 14 15 16 | 16.0
Necromancy     | 5 7 8 9 10 | 10.0
Translocations | 1 3 |  3.1
Air Magic      | 4 5 |  5.0
Evocations     | 3 10 12 | 12.0
Throwing       | 2 4 |  4.0
Conjurations   | 2 |  2.0

Action                   |  1- 3 |  4- 6 |  7- 9 | 10-12 | 13-15 | 16-18 | 19-21 | 22-24 | 25-27 || total
-------------------------+-------+-------+-------+-------+-------+-------+-------+-------+-------++-------
Melee: Club              |     2 |       |       |       |       |       |       |       |       ||     2
       Spear             |    28 |     5 |       |       |       |       |       |       |       ||    33
       Flail             |       |    34 |    84 |    42 |       |       |       |       |       ||   160
       Demon blade       |       |       |       |   311 |       |       |       |       |       ||   311
       Punch             |       |       |       |    31 |   106 |     3 |       |       |       ||   140
       Unarmed           |       |       |       |    35 |   860 |   724 |   868 |   783 |  2823 ||  6093
       Kick              |       |       |       |       |       |       |       |       |   560 ||   560
Throw: Tomahawk          |       |     2 |       |     2 |       |       |       |       |       ||     4
       Throwing net      |       |       |       |       |       |       |     2 |       |     3 ||     5
 Cast: Freeze            |    43 |    70 |   121 |    47 |       |       |       |       |       ||   281
       Ozocubu's Armour  |       |     2 |     4 |    24 |    25 |       |       |       |       ||    55
       Summon Ice Beast  |       |     8 |    39 |    73 |    39 |     2 |       |       |       ||   161
       Sticks to Snakes  |       |       |       |       |     4 |     1 |    13 |       |    14 ||    32
       Summon Lightning  |       |       |       |       |     1 |       |       |       |       ||     1
       Statue Form       |       |       |       |       |    30 |    60 |    77 |    60 |   142 ||   369
       Irradiate         |       |       |       |       |     6 |       |       |     2 |    10 ||    18
       Regeneration      |       |       |       |       |    15 |    26 |    61 |    35 |   202 ||   339
       Borgnjor's Vile C |       |       |       |       |    13 |    44 |    47 |    59 |   145 ||   308
       Animate Dead      |       |       |       |       |       |    32 |     9 |    19 |    28 ||    88
       Passwall          |       |       |       |       |       |     4 |    19 |     6 |    12 ||    41
       Apportation       |       |       |       |       |       |    46 |    64 |    33 |    34 ||   177
       Passage of Golubr |       |       |       |       |       |       |    53 |    34 |   147 ||   234
       Aura of Abjuratio |       |       |       |       |       |       |     3 |       |     4 ||     7
       Deflect Missiles  |       |       |       |       |       |       |       |     3 |    13 ||    16
       Lesser Beckoning  |       |       |       |       |       |       |       |       |    14 ||    14
       Summon Mana Viper |       |       |       |       |       |       |       |       |     2 ||     2
Invok: Slouch            |       |       |       |       |       |       |     4 |       |    13 ||    17
       Bend Time         |       |       |       |       |       |       |       |       |     2 ||     2
 Abil: Hop               |       |     1 |     2 |     2 |     1 |       |     2 |       |     2 ||    10
       End Transformatio |       |       |       |       |       |       |     5 |     1 |     1 ||     7
       Evoke Fog         |       |       |       |       |       |       |       |       |    10 ||    10
Evoke: Wand              |       |     1 |     8 |    20 |     8 |     3 |     5 |     6 |     6 ||    57
       Lightning rod     |       |       |       |       |       |       |       |       |     5 ||     5
       Box of beasts     |       |       |       |       |       |       |       |       |     2 ||     2
       Phantom mirror    |       |       |       |       |       |       |       |       |     2 ||     2
  Use: Scroll            |     4 |       |    11 |    19 |    22 |     7 |    16 |    14 |    20 ||   113
       Potion            |       |       |       |     4 |     3 |     1 |     8 |       |     9 ||    25
 Stab: Sleeping          |     2 |     4 |     1 |     6 |     6 |     1 |     4 |     4 |    29 ||    57
       Distracted        |       |       |     1 |     8 |    18 |    10 |     7 |     7 |    28 ||    79
       Confused          |       |       |       |     1 |     2 |       |       |       |       ||     3
       Petrified         |       |       |       |       |     1 |       |       |     1 |       ||     2
       Petrifying        |       |       |       |       |     1 |       |       |       |       ||     1
       Held in net/web   |       |       |       |       |       |       |     2 |       |     9 ||    11
  Eat: Chunk             |       |     3 |     9 |     3 |     9 |     4 |     4 |     3 |       ||    35
       Ration            |       |       |     1 |     4 |     4 |     4 |     4 |     3 |    10 ||    30
Armor: Robe              |     7 |    18 |    54 |    13 |       |       |       |       |       ||    92
       Ring mail         |       |       |    36 |       |       |       |       |       |       ||    36
       Troll leather arm |       |       |       |   138 |   194 |    10 |    13 |    13 |    42 ||   410
       Scale mail        |       |       |       |     8 |       |       |       |       |       ||     8
       Skin              |       |       |       |       |   302 |   425 |   507 |   410 |  1383 ||  3027
Dodge: Dodged            |    38 |    58 |   188 |   656 |  1518 |  1140 |  1028 |   947 |  4264 ||  9837
       Deflected         |       |       |       |       |       |       |       |     8 |   110 ||   118
Block: Shield            |       |       |       |       |       |  1218 |  1145 |  1062 |  4391 ||  7816
       Rpst.: Demon blade |       |       |       |   133 |       |       |       |       |       ||   133

Table legend:
 A = Spawn XP
 B = Non-spawn XP
 C = Spawn XP percentage of total XP
 D = Spawn monster count
 E = Non-spawn monster count
 F = Spawn count percentage of total count
 G = Total turns spent on level
                    A         B        C        D         E        F      G
               +---------+---------+-------+---------+---------+-------+---------
         Total |    5647 | 2105759 |   0.3 |       4 |    3441 |   0.1 | 30764
               +---------+---------+-------+---------+---------+-------+---------
           D:1 |       0 |      12 |   0.0 |       0 |       7 |   0.0 |   219
           D:2 |       0 |      64 |   0.0 |       0 |      19 |   0.0 |   479
           D:3 |       0 |     196 |   0.0 |       0 |      40 |   0.0 |   421
           D:4 |       0 |     338 |   0.0 |       0 |      28 |   0.0 |   475
           D:5 |       0 |     183 |   0.0 |       0 |      10 |   0.0 |   418
           D:6 |       0 |    1038 |   0.0 |       0 |      31 |   0.0 |   602
           D:7 |       0 |    1100 |   0.0 |       0 |      26 |   0.0 |   702
           D:8 |       0 |    1441 |   0.0 |       0 |      34 |   0.0 |   562
           D:9 |       0 |    6636 |   0.0 |       0 |      58 |   0.0 |   959
          D:10 |       0 |    2117 |   0.0 |       0 |      12 |   0.0 |   570
          D:11 |       0 |    5680 |   0.0 |       0 |      29 |   0.0 |   553
          D:12 |       0 |   15077 |   0.0 |       0 |      37 |   0.0 |   376
          D:13 |       0 |   13909 |   0.0 |       0 |      51 |   0.0 |   595
          D:14 |       0 |    3762 |   0.0 |       0 |       9 |   0.0 |    78
          D:15 |       0 |   11941 |   0.0 |       0 |      27 |   0.0 |   384
        Lair:1 |       0 |    4000 |   0.0 |       0 |      23 |   0.0 |   505
        Lair:2 |       0 |    2804 |   0.0 |       0 |      22 |   0.0 |   577
        Lair:3 |       0 |    4950 |   0.0 |       0 |      16 |   0.0 |   580
        Lair:4 |       0 |    3306 |   0.0 |       0 |       7 |   0.0 |   424
        Lair:5 |       0 |   18508 |   0.0 |       0 |      45 |   0.0 |   769
        Lair:6 |       0 |   27656 |   0.0 |       0 |      69 |   0.0 |   822
      Shoals:1 |       0 |    7730 |   0.0 |       0 |      24 |   0.0 |   320
      Shoals:2 |       0 |    9129 |   0.0 |       0 |      18 |   0.0 |   384
      Shoals:3 |       0 |   30444 |   0.0 |       0 |      58 |   0.0 |   348
      Shoals:4 |       0 |   39018 |   0.0 |       0 |      85 |   0.0 |   533
       Snake:1 |       0 |   14028 |   0.0 |       0 |      28 |   0.0 |   476
       Snake:2 |       0 |   29145 |   0.0 |       0 |      46 |   0.0 |   534
       Snake:3 |       0 |   24171 |   0.0 |       0 |      47 |   0.0 |   428
       Snake:4 |       0 |   47603 |   0.0 |       0 |      91 |   0.0 |   646
       Slime:1 |       0 |   12648 |   0.0 |       0 |      33 |   0.0 |   269
       Slime:2 |       0 |   14518 |   0.0 |       0 |      26 |   0.0 |   321
       Slime:3 |       0 |   14035 |   0.0 |       0 |      19 |   0.0 |   178
       Slime:4 |       0 |   11666 |   0.0 |       0 |       8 |   0.0 |   202
       Slime:5 |       0 |   31269 |   0.0 |       0 |      19 |   0.0 |   309
         Orc:1 |       0 |    3509 |   0.0 |       0 |      45 |   0.0 |   348
         Orc:2 |       0 |   13533 |   0.0 |       0 |      87 |   0.0 |   743
         Elf:1 |       0 |   24146 |   0.0 |       0 |      37 |   0.0 |   643
         Elf:2 |       0 |   24609 |   0.0 |       0 |      44 |   0.0 |   458
         Elf:3 |       0 |   58757 |   0.0 |       0 |      44 |   0.0 |   776
      Vaults:1 |       0 |   48990 |   0.0 |       0 |      81 |   0.0 |   412
      Vaults:2 |       0 |   56156 |   0.0 |       0 |      87 |   0.0 |   621
      Vaults:3 |       0 |   14390 |   0.0 |       0 |      19 |   0.0 |   228
      Vaults:4 |       0 |  102974 |   0.0 |       0 |     124 |   0.0 |   810
      Vaults:5 |       0 |  114077 |   0.0 |       0 |      86 |   0.0 |   540
      Depths:1 |       0 |   32348 |   0.0 |       0 |      41 |   0.0 |   428
      Depths:2 |       0 |   58293 |   0.0 |       0 |      40 |   0.0 |   390
      Depths:3 |       0 |   26774 |   0.0 |       0 |      38 |   0.0 |   172
      Depths:4 |       0 |    4449 |   0.0 |       0 |       4 |   0.0 |    10
          Hell |       0 |   46838 |   0.0 |       0 |      80 |   0.0 |   298
         Dis:1 |       0 |   33759 |   0.0 |       0 |      63 |   0.0 |   303
         Dis:2 |       0 |    3766 |   0.0 |       0 |       6 |   0.0 |   156
         Dis:3 |       0 |   10276 |   0.0 |       0 |      13 |   0.0 |    88
         Dis:4 |       0 |   12564 |   0.0 |       0 |      38 |   0.0 |   120
         Dis:5 |       0 |   84151 |   0.0 |       0 |     127 |   0.0 |   516
         Dis:6 |       0 |   13479 |   0.0 |       0 |      17 |   0.0 |   120
         Dis:7 |       0 |  148743 |   0.0 |       0 |     142 |   0.0 |   680
         Geh:1 |       0 |    6024 |   0.0 |       0 |       9 |   0.0 |    47
         Geh:2 |       0 |   14073 |   0.0 |       0 |      43 |   0.0 |    96
         Geh:3 |       0 |   34184 |   0.0 |       0 |      66 |   0.0 |   186
         Geh:4 |       0 |   16308 |   0.0 |       0 |      29 |   0.0 |   115
         Geh:5 |       0 |     392 |   0.0 |       0 |       2 |   0.0 |    10
         Geh:6 |       0 |    8364 |   0.0 |       0 |      22 |   0.0 |    53
         Geh:7 |       0 |   92974 |   0.0 |       0 |     114 |   0.0 |   490
         Coc:1 |       0 |   11951 |   0.0 |       0 |      21 |   0.0 |   110
         Coc:2 |       0 |    3849 |   0.0 |       0 |      13 |   0.0 |    79
         Coc:3 |       0 |    3586 |   0.0 |       0 |       6 |   0.0 |    47
         Coc:4 |       0 |   33839 |   0.0 |       0 |      40 |   0.0 |   275
         Coc:5 |       0 |   12923 |   0.0 |       0 |      28 |   0.0 |   107
         Coc:6 |       0 |    9081 |   0.0 |       0 |      20 |   0.0 |   116
         Coc:7 |       0 |  131273 |   0.0 |       0 |     139 |   0.0 |   661
         Tar:1 |       0 |   12961 |   0.0 |       0 |      28 |   0.0 |   134
         Tar:2 |       0 |   37647 |   0.0 |       0 |      58 |   0.0 |   116
         Tar:3 |       0 |   23893 |   0.0 |       0 |      29 |   0.0 |   163
         Tar:4 |       0 |     198 |   0.0 |       0 |       1 |   0.0 |    13
         Tar:5 |       0 |   29471 |   0.0 |       0 |      45 |   0.0 |   355
         Tar:6 |       0 |     463 |   0.0 |       0 |       1 |   0.0 |    20
         Tar:7 |       0 |   61089 |   0.0 |       0 |      55 |   0.0 |   327
           Pan |    5647 |   70847 |   7.4 |       4 |      46 |   8.0 |   373
         Zig:1 |       0 |     390 |   0.0 |       0 |       2 |   0.0 |    15
         Zig:2 |       0 |    2965 |   0.0 |       0 |       3 |   0.0 |    19
         Zig:3 |       0 |    5426 |   0.0 |       0 |       3 |   0.0 |    33
         Zig:4 |       0 |    6330 |   0.0 |       0 |       6 |   0.0 |    20
         Zig:5 |       0 |    5243 |   0.0 |       0 |       9 |   0.0 |    71
         Zig:6 |       0 |    9711 |   0.0 |       0 |      14 |   0.0 |    42
         Zig:7 |       0 |   10511 |   0.0 |       0 |       9 |   0.0 |    42
         Zig:8 |       0 |   11243 |   0.0 |       0 |      12 |   0.0 |    73
         Zig:9 |       0 |    5792 |   0.0 |       0 |      11 |   0.0 |    68
        Zig:10 |       0 |   21123 |   0.0 |       0 |      14 |   0.0 |    87
           Lab |       0 |    5272 |   0.0 |       0 |      19 |   0.0 |   711
         Sewer |       0 |     142 |   0.0 |       0 |      41 |   0.0 |   221
    Desolation |       0 |   59518 |   0.0 |       0 |     118 |   0.0 |   481
               +---------+---------+-------+---------+---------+-------+---------
